 Dungeon Crawl Stone Soup version 0.18-a0-1443-ge8f1551 (webtiles) character file.

72 vonhedlund the Skirmisher (level 4, -3/42 HPs)
             Began as a Hill Orc Hunter on Feb 29, 2016.
             Was an Initiate of Okawaru.
             Slain by a hobgoblin
             ... wielding a cursed +0 club
             ... led by Robin
              (4 damage)
             ... on level 2 of the Dungeon.
             The game lasted 00:12:14 (1686 turns).

vonhedlund the Skirmisher (Hill Orc Hunter)         Turns: 1686, Time: 00:12:14

Health: -3/42      AC:  4    Str: 15    XL:     4   Next: 26%
Magic:  4/4        EV: 11    Int: 11    God:    Okawaru [......]
Gold:   108        SH:  0    Dex: 11    Spells: 0 memorised, 3 levels left

rFire  . . .     SeeInvis .     b - +0 short sword
rCold  . . .     Gourm    .     c - +0 leather armour
rNeg   . . .     Faith    .     (no shield)
rPois  .         Spirit   .     (no helmet)
rElec  .         Dismiss  .     y - +0 cloak
rCorr  .         Reflect  .     (no gloves)
SustAt .         Harm     .     (no boots)
MR     .....                    (no amulet)
Stlth  +.........               (no ring)
                                (no ring)

@: not resistant to hostile enchantments, very unstealthy
A: no striking features
a: Renounce Religion


You were on level 2 of the Dungeon.
You worshipped Okawaru.
Okawaru was noncommittal.
You were not hungry.

You visited 1 branch of the dungeon, and saw 3 of its levels.

You collected 108 gold pieces.

Inventory:

Hand Weapons
 a - a +1 hand crossbow
 b - a +0 short sword (weapon)
 A - a +0 blowgun
Missiles
 d - 20 bolts
 u - 15 poisoned bolts
 B - 17 poisoned needles
 C - 24 arrows
Armour
 c - a +0 leather armour (worn)
 y - a +0 cloak (worn)
Scrolls
 m - 6 scrolls of identify
 n - 3 scrolls of recharging {unknown}
 o - a scroll of random uselessness {unknown}
 q - 2 scrolls of amnesia {unknown}
 x - a scroll of enchant weapon {unknown}
Potions
 h - a potion of curing {unknown}
 i - a potion of might {unknown}
 j - a potion of lignification {unknown}
 k - a potion of mutation {unknown}
 p - a potion of berserk rage {unknown}
 r - a potion of heal wounds {unknown}
 v - a potion of brilliance {unknown}
 z - a potion of haste {unknown}
Comestibles
 f - 2 bread rations
 g - 4 fruits
 l - 5 chunks of flesh
 s - a slice of pizza
 t - a beef jerky
 w - a meat ration


   Skills:
 + Level 5.2 Fighting
 - Level 3.6 Crossbows
 - Level 1.5 Dodging
 - Level 0.7 Stealth


You had 3 spell levels left.
You didn't know any spells.

Dungeon Overview and Level Annotations

Branches:
Dungeon (3/15)

Altars:
Cheibriados
Dithmenos
Okawaru

Annotations:
D:3 Robin


Message History

The hobgoblin barely misses you. The goblin hits you but does no damage.
You barely miss the hobgoblin.
The hobgoblin is almost dead.
The hobgoblin hits you but does no damage.
The hobgoblin hits you with a club. The goblin hits you with a club. x2
A goblin comes into view. It is wielding a club.
Unknown command.
The goblin shouts!
The hobgoblin hits you but does no damage.
The goblin hits you but does no damage. The hobgoblin hits you with a club!
* * * LOW HITPOINT WARNING * * *
The goblin hits you but does no damage.
You climb upwards.
There is a stone staircase leading down here.
Drink which item? (? for menu, Esc to quit)
It was a potion of cure mutation.
It has a very clean taste.
The hobgoblin hits you.
* * * LOW HITPOINT WARNING * * *
The hobgoblin hits you with a club.
You die...

## #...............#.##..#
.####.........[...##.##.##
...##......#.....##.....#
##.......##########.##..#######
####..#.#######.....)........#
#...#......................#
##.#.#.._.......##..........#
#.......ยง....gg##############
###....#########@gg# ......##
###.##### ......# #.....#
.###.## #####.###### #......#
#......# #......# ######.#
#......# ##############.##
#......#######...............#
########.......###############


You could see 2 hobgoblins and 2 goblins.

Vanquished Creatures
  An adder (D:2)
  A worm (D:2)
  A dart slug (D:1)
  A giant gecko (D:1)
  8 bats
  3 giant cockroaches
  5 goblins
  10 hobgoblins
  10 jackals
  A quokka (D:2)
  A ball python (D:2)
  4 giant newts
  3 kobolds
  2 rats (D:1)
51 creatures vanquished.

Notes
Turn   | Place    | Note
--------------------------------------------------------------
     0 | D:1      | vonhedlund the Hill Orc Hunter began the quest for the Orb.
     0 | D:1      | Reached XP level 1. HP: 18/18 MP: 1/1
   286 | D:1      | Reached skill level 3 in Fighting
   296 | D:1      | Reached XP level 2. HP: 23/26 MP: 2/2
   691 | D:2      | Reached XP level 3. HP: 26/33 MP: 3/3
   760 | D:2      | Reached skill level 4 in Fighting
  1177 | D:2      | Found a shadowy altar of Dithmenos.
  1247 | D:2      | Found an iron altar of Okawaru.
  1292 | D:2      | Became a worshipper of Warmaster Okawaru
  1411 | D:2      | Reached XP level 4. HP: 39/41 MP: 4/4
  1510 | D:2      | Reached skill level 5 in Fighting
  1672 | D:3      | Noticed Robin
  1677 | D:3      | Found a snail-covered altar of Cheibriados.
  1686 | D:2      | HP: 1/42 [hobgoblin[Robin] (3)]
  1686 | D:2      | Slain by a hobgoblin

Vault maps used:
D:1:      co_arrival_square_in_a_square_in_a_square
D:2:      okawaru_trees_2, grunt_dithmenos_smoke
D:3:      cheibriados_altar_1, st_stairs_1, uniq_sigmund, uniq_robin

Skill      XL: |  1  2  3  4 |
---------------+-------------+-----
Fighting       | 3 4 5 |  5.2
Crossbows      | |  3.6
Dodging        | |  1.5
Stealth        | |  0.7

Action                   |  1- 3 |  4- 6 || total
-------------------------+-------+-------++-------
Melee: Short sword       |   161 |    43 ||   204
 Fire: Hand crossbow     |    12 |     3 ||    15
  Use: Scroll            |     1 |       ||     1
       Potion            |       |     1 ||     1
  Eat: Chunk             |     2 |     1 ||     3
